MWL (24 & UNDER)
MANHATTEN MEATHEADS @ WISCONSIN RAPIDS RANGERS
08/21/2027
 
TOP OF THE 1ST
Manhatten Meatheads batting - Pitching for Wisconsin Rapids Rangers : LHP Wilson Ramos
Pitching: LHP Wilson Ramos
Batting: SHB Cornell Payne 0-0: Ground out U3 (Groundball, 34S)
Batting: RHB Adrián López 0-0: SINGLE (Line Drive, 89S)
Batting: RHB Denver Baker 0-0: Called Strike
0-1: SINGLE (Flyball, 7LS)
Adrián López to second
Batting: SHB António Ramírez 0-0: Swinging Strike
0-1: Foul Ball, location: 2F
0-2: Ball
1-2: Strikes out looking
Batting: RHB Craig Chapman 0-0: Ball
1-0: Called Strike
1-1: Ball
2-1: Swinging Strike
2-2: Strikes out swinging
Top of the 1st over - 0 run(s), 2 hit(s), 0 error(s), 2 left on base; Manhatten 0 - Wisconsin Rapids 0
BOTTOM OF THE 1ST
Wisconsin Rapids Rangers batting - Pitching for Manhatten Meatheads : RHP Dean Kell
Pitching: RHP Dean Kell
Batting: LHB Ronald Gordon 0-0: Called Strike
0-1: Ground out 6-3 (Groundball, 6MS)
Batting: LHB Jean-Sébastien Beaudin 0-0: Foul Ball, location: 2F
0-1: Ball
1-1: Swinging Strike
1-2: Strikes out looking
Batting: RHB Wilfred Martin 0-0: Foul Ball, location: 2F
0-1: Ball
1-1: Ball
2-1: Foul Ball, location: 2F
2-2: Strikes out looking
Bottom of the 1st over - 0 run(s), 0 hit(s), 0 error(s), 0 left on base; Manhatten 0 - Wisconsin Rapids 0
TOP OF THE 2ND
Manhatten Meatheads batting - Pitching for Wisconsin Rapids Rangers : LHP Wilson Ramos
Batting: LHB Robbie Turner 0-0: Called Strike
0-1: Ball
1-1: Foul Ball, location: 2F
1-2: Ball
2-2: Foul Ball, location: 2F
2-2: Strikes out looking
Batting: RHB Ismael Hidalgo 0-0: Ball
1-0: Foul Ball, location: 2F
1-1: Called Strike
1-2: Strikes out swinging
Batting: LHB Miguel Pérez 0-0: Ball
1-0: Called Strike
1-1: Ball
2-1: Ball
3-1: Base on Balls
Batting: RHB José Esparza 0-0: Fly out, F8 (Flyball, 8LD)
Top of the 2nd over - 0 run(s), 0 hit(s), 0 error(s), 1 left on base; Manhatten 0 - Wisconsin Rapids 0
BOTTOM OF THE 2ND
Wisconsin Rapids Rangers batting - Pitching for Manhatten Meatheads : RHP Dean Kell
Batting: LHB Luis Rodríguez 0-0: Foul Ball, location: 2F
0-1: Called Strike
0-2: Strikes out looking
Batting: RHB Miguel Toro 0-0: Called Strike
0-1: Called Strike
0-2: Foul Ball, location: 2F
0-2: Ground out 6-3 (Groundball, 6)
Batting: SHB Jacob Wilcox 0-0: Ball
1-0: Swinging Strike
1-1: Called Strike
1-2: Ball
2-2: Foul Ball, location: 2F
2-2: Ground out 5-3 (Groundball, 56)
Bottom of the 2nd over - 0 run(s), 0 hit(s), 0 error(s), 0 left on base; Manhatten 0 - Wisconsin Rapids 0
TOP OF THE 3RD
Manhatten Meatheads batting - Pitching for Wisconsin Rapids Rangers : LHP Wilson Ramos
Batting: SHB Cornell Payne 0-0: Ball
1-0: Called Strike
1-1: Ball
2-1: Ground out 6-3 (Groundball, 6)
Batting: RHB Adrián López 0-0: Foul Ball, location: 2F
0-1: SINGLE (Groundball, 56D)
Batting: RHB Denver Baker 0-0: Ball
1-0: Called Strike
1-1: Ball
Wild Pitch!
Adrián López to second
2-1: Ball
Wild Pitch!
Adrián López to third
3-1: Base on Balls
Batting: SHB António Ramírez 0-0: Ball
1-0: SINGLE (Groundball, 6MD)
Adrián López scores
Denver Baker to second
Batting: RHB Craig Chapman 0-0: Ball
1-0: 3-RUN HOME RUN (Flyball, 7D), Distance : 360 ft
Batting: LHB Robbie Turner 0-0: SINGLE (Groundball, 34S) (infield hit)
Batting: RHB Ismael Hidalgo 0-0: Ball
1-0: Foul Ball, location: 2F
1-1: DOUBLE (Line Drive, 89M)
Robbie Turner to third
Runner from 3rd tries for Home, SAFE, no throw
Batting: LHB Miguel Pérez 0-0: Fly out, F7 (Flyball, 7S)
Batting: RHB José Esparza 0-0: Called Strike
0-1: Foul Ball, location: 2F
0-2: Foul Ball, location: 2F
0-2: Foul Ball, location: 2F
0-2: Ball
1-2: SINGLE (Groundball, 56D)
Ismael Hidalgo to third
Runner from 3rd tries for Home, SAFE, no throw
Pitching: RHP Willard Mason
Batting: SHB Cornell Payne 0-0: Called Strike
0-1: Called Strike
0-2: Foul Ball, location: 2F
0-2: Ball
José Esparza steals 2nd base
1-2: Strikes out swinging
Top of the 3rd over - 6 run(s), 6 hit(s), 0 error(s), 1 left on base; Manhatten 6 - Wisconsin Rapids 0
BOTTOM OF THE 3RD
Wisconsin Rapids Rangers batting - Pitching for Manhatten Meatheads : RHP Dean Kell
Batting: LHB Ángelo Lara 0-0: Foul Ball, location: 2F
0-1: Foul Ball, location: 2F
0-2: Ball
1-2: Ball
2-2: Strikes out swinging
Batting: RHB Carlos Miranda 0-0: Ball
1-0: Ground out 5-3 (Groundball, 56)
Batting: RHB Luis López 0-0: Swinging Strike
0-1: Ball
1-1: Swinging Strike
1-2: Strikes out swinging
Bottom of the 3rd over - 0 run(s), 0 hit(s), 0 error(s), 0 left on base; Manhatten 6 - Wisconsin Rapids 0
TOP OF THE 4TH
Manhatten Meatheads batting - Pitching for Wisconsin Rapids Rangers : RHP Willard Mason
Batting: RHB Adrián López 0-0: Ground out U3 (Groundball, 34S)
Batting: RHB Denver Baker 0-0: SINGLE (Groundball, 6D)
Batting: SHB António Ramírez 0-0: Ball
1-0: Called Strike
1-1: Foul Ball, location: 2F
1-2: Ball
2-2: Foul Ball, location: 2F
2-2: SINGLE (Groundball, 34D)
Denver Baker to second
Runner from 2nd tries for 3rd, SAFE, throw made to third
Batting: RHB Craig Chapman 0-0: Ball
1-0: Ball
2-0: Foul Ball, location: 2F
2-1: Ball
3-1: Base on Balls
António Ramírez to second
Batting: LHB Robbie Turner 0-0: Called Strike
0-1: Called Strike
0-2: Ball
1-2: Strikes out swinging
Batting: RHB Ismael Hidalgo 0-0: Ball
1-0: Ball
2-0: SINGLE (Groundball, 6MD)
Denver Baker scores
António Ramírez to third
Craig Chapman to second
Runner from 3rd tries for Home, SAFE, no throw
Batting: LHB Miguel Pérez 0-0: Foul Ball, location: 2F
0-1: Ball
1-1: SINGLE (Groundball, 4MD)
Craig Chapman to third
Ismael Hidalgo to second
Runner from 3rd tries for Home, throw and OUT!
Top of the 4th over - 2 run(s), 4 hit(s), 0 error(s), 2 left on base; Manhatten 8 - Wisconsin Rapids 0
BOTTOM OF THE 4TH
Wisconsin Rapids Rangers batting - Pitching for Manhatten Meatheads : RHP Dean Kell
Batting: LHB Ronald Gordon 0-0: Called Strike
0-1: Swinging Strike
0-2: Ball
1-2: Foul Ball, location: 2F
1-2: Ball
2-2: Foul Ball, location: 2F
2-2: Foul Ball, location: 2F
2-2: Fly out, F7 (Flyball, 7LMF)
Batting: LHB Jean-Sébastien Beaudin 0-0: DOUBLE (Flyball, 89D)
Batting: RHB Wilfred Martin 0-0: Called Strike
0-1: Ball
1-1: Ball
2-1: Ground out 1-3 (Groundball, P)
Jean-Sébastien Beaudin to third
Batting: LHB Luis Rodríguez 0-0: Ball
1-0: Ball
2-0: Called Strike
2-1: Swinging Strike
2-2: Fly out, F8 (Flyball, 8RD)
Bottom of the 4th over - 0 run(s), 1 hit(s), 0 error(s), 1 left on base; Manhatten 8 - Wisconsin Rapids 0
TOP OF THE 5TH
Manhatten Meatheads batting - Pitching for Wisconsin Rapids Rangers : RHP Willard Mason
Batting: RHB José Esparza 0-0: Ball
1-0: Ball
2-0: Ball
3-0: Base on Balls
Batting: SHB Cornell Payne 0-0: Foul Ball, location: 2F
0-1: Ball
1-1: SINGLE (Groundball, 4D)
José Esparza to second
Runner from 2nd tries for 3rd, SAFE, throw made to third
Cornell Payne to second
Batting: RHB Adrián López 0-0: Foul Ball, location: 2F
0-1: Foul Ball, location: 2F
0-2: Ball
1-2: Foul Ball, location: 2F
1-2: Ball
2-2: Strikes out looking
Batting: RHB Denver Baker 0-0: Ball
1-0: Ball
2-0: Called Strike
2-1: SINGLE (Groundball, 6MD)
José Esparza scores
Cornell Payne to third
Runner from 3rd tries for Home, SAFE, no throw
Pitching: RHP Eugene Morgan
Batting: SHB António Ramírez 0-0: Foul Ball, location: 2F
0-1: Ball
1-1: Foul Ball, location: 2F
1-2: Strikes out swinging
Batting: RHB Craig Chapman 0-0: Fly out, F9 (Flyball, 9S)
Top of the 5th over - 2 run(s), 2 hit(s), 0 error(s), 1 left on base; Manhatten 10 - Wisconsin Rapids 0
BOTTOM OF THE 5TH
Wisconsin Rapids Rangers batting - Pitching for Manhatten Meatheads : RHP Dean Kell
Batting: RHB Miguel Toro 0-0: Foul Ball, location: 2F
0-1: Ball
1-1: Ball
2-1: Foul Ball, location: 2F
2-2: DOUBLE (Groundball, 3L)
Batting: SHB Jacob Wilcox 0-0: 2-RUN HOME RUN (Flyball, 89XD), Distance : 384 ft
Batting: LHB Ángelo Lara 0-0: Ball
1-0: Called Strike
1-1: Foul Ball, location: 2F
1-2: Foul Ball, location: 2F
1-2: Ball
2-2: Strikes out swinging
Batting: RHB Carlos Miranda 0-0: Called Strike
0-1: Ball
1-1: Foul Ball, location: 2F
1-2: Ball
2-2: Ball
3-2: Strikes out swinging
Batting: RHB Luis López 0-0: Ball
1-0: Called Strike
1-1: Foul Ball, location: 2F
1-2: Strikes out swinging
Bottom of the 5th over - 2 run(s), 2 hit(s), 0 error(s), 0 left on base; Manhatten 10 - Wisconsin Rapids 2
TOP OF THE 6TH
Manhatten Meatheads batting - Pitching for Wisconsin Rapids Rangers : RHP Eugene Morgan
Batting: LHB Robbie Turner 0-0: Foul Ball, location: 2F
0-1: Ball
1-1: Ball
2-1: Ball
3-1: Base on Balls
Batting: RHB Ismael Hidalgo 0-0: Foul Ball, location: 2F
0-1: SINGLE (Groundball, 6MD)
Robbie Turner to second
Batting: LHB Miguel Pérez 0-0: Foul Ball, location: 2F
0-1: Ball
1-1: Ball
2-1: Foul Ball, location: 2F
2-2: Strikes out swinging
Batting: RHB José Esparza 0-0: Ball
1-0: Swinging Strike
1-1: Called Strike
1-2: Ball
2-2: Strikes out swinging
Batting: SHB Cornell Payne 0-0: Ball
1-0: Ball
2-0: Ball
3-0: Called Strike
3-1: Foul Ball, location: 2F
3-2: SINGLE (Groundball, 5D)
Robbie Turner to third
Ismael Hidalgo to second
Robbie Turner scores
Ismael Hidalgo to third
Batting: RHB Adrián López 0-0: Ball
1-0: SINGLE (Line Drive, 34D)
Ismael Hidalgo scores
Cornell Payne to second
Batting: RHB Denver Baker 0-0: Called Strike
0-1: Ball
1-1: Ball
2-1: Foul Ball, location: 2F
2-2: Ball
3-2: Strikes out looking
Top of the 6th over - 2 run(s), 3 hit(s), 0 error(s), 2 left on base; Manhatten 12 - Wisconsin Rapids 2
BOTTOM OF THE 6TH
Wisconsin Rapids Rangers batting - Pitching for Manhatten Meatheads : RHP Dean Kell
Batting: LHB Ronald Gordon 0-0: SINGLE (Groundball, 56D)
Batting: LHB Jean-Sébastien Beaudin 0-0: Ball
1-0: Ball
2-0: Fly out, F8 (Line Drive, 8LS)
Batting: RHB Wilfred Martin 0-0: Ball
1-0: Ball
2-0: Ball
3-0: Base on Balls
Ronald Gordon to second
Pitching: RHP Jesús Medina
Batting: LHB Luis Rodríguez 0-0: Ball
1-0: Called Strike
1-1: DOUBLE (Groundball, 5L)
Ronald Gordon scores
Wilfred Martin to third
Batting: RHB Miguel Toro 0-0: Ball
1-0: Called Strike
1-1: Ball
2-1: Swinging Strike
2-2: Ball
3-2: Base on Balls
Batting: SHB Jacob Wilcox 0-0: Ball
1-0: Ball
2-0: Ball
3-0: Called Strike
3-1: Base on Balls
Wilfred Martin scores
Luis Rodríguez to third
Miguel Toro to second
Batting: LHB Ángelo Lara 0-0: Called Strike
0-1: Grounds into double play, 1-2-3 (Groundball, 13S)
Bottom of the 6th over - 2 run(s), 2 hit(s), 0 error(s), 2 left on base; Manhatten 12 - Wisconsin Rapids 4
TOP OF THE 7TH
Manhatten Meatheads batting - Pitching for Wisconsin Rapids Rangers : RHP Eugene Morgan
Batting: SHB António Ramírez 0-0: Ball
1-0: Called Strike
1-1: Called Strike
1-2: Fly out, F4 (Flyball, 4D)
Batting: RHB Craig Chapman 0-0: Foul Ball, location: 2F
0-1: Ball
1-1: Called Strike
1-2: Ball
2-2: Foul Ball, location: 2F
2-2: Ball
3-2: Foul Ball, location: 2F
3-2: Ground out 5-3 (Groundball, 5S)
Batting: LHB Robbie Turner 0-0: Fly out, F7 (Flyball, 7S)
Top of the 7th over - 0 run(s), 0 hit(s), 0 error(s), 0 left on base; Manhatten 12 - Wisconsin Rapids 4
BOTTOM OF THE 7TH
Wisconsin Rapids Rangers batting - Pitching for Manhatten Meatheads : RHP Jesús Medina
Batting: RHB Carlos Miranda 0-0: Ball
1-0: Swinging Strike
1-1: Ball
2-1: Called Strike
2-2: Ball
3-2: Fly out, F9 (Flyball, 89M)
Batting: RHB Luis López 0-0: SINGLE (Groundball, 56) (infield hit)
Batting: LHB Ronald Gordon 0-0: Ball
1-0: Ball
2-0: Called Strike
2-1: Foul Ball, location: 2F
2-2: Fly out, F8 (Flyball, 8LM)
Batting: LHB Jean-Sébastien Beaudin 0-0: Foul Ball, location: 2F
0-1: Foul Ball, location: 2F
0-2: Ball
1-2: Ball
2-2: Ball
3-2: Foul Ball, location: 2F
3-2: TRIPLE (Flyball, 8RXD)
Luis López scores
Batting: RHB Wilfred Martin 0-0: Called Strike
0-1: Called Strike
0-2: Foul Ball, location: 2F
0-2: Ground out 6-3 (Groundball, 6)
Bottom of the 7th over - 1 run(s), 2 hit(s), 0 error(s), 1 left on base; Manhatten 12 - Wisconsin Rapids 5
TOP OF THE 8TH
Manhatten Meatheads batting - Pitching for Wisconsin Rapids Rangers : RHP Eugene Morgan
Batting: RHB Ismael Hidalgo 0-0: Called Strike
0-1: Foul Ball, location: 2F
0-2: Ball
1-2: Ball
2-2: Strikes out looking
Batting: LHB Miguel Pérez 0-0: SINGLE (Groundball, 6MD)
Batting: RHB José Esparza 0-0: Swinging Strike
0-1: Fielders Choice at 2nd, 6-4 (Groundball, 6)
Batting: SHB Cornell Payne 0-0: Called Strike
0-1: Foul Ball, location: 2F
0-2: Ball
José Esparza steals 2nd base
1-2: Strikes out swinging
Top of the 8th over - 0 run(s), 1 hit(s), 0 error(s), 1 left on base; Manhatten 12 - Wisconsin Rapids 5
BOTTOM OF THE 8TH
Wisconsin Rapids Rangers batting - Pitching for Manhatten Meatheads : RHP Jesús Medina
Batting: LHB Luis Rodríguez 0-0: Ball
1-0: Ball
2-0: Ball
3-0: Base on Balls
Batting: RHB Miguel Toro 0-0: Ball
1-0: Ball
2-0: DOUBLE (Line Drive, 8LM)
Luis Rodríguez to third
Batting: SHB Jacob Wilcox 0-0: Foul Ball, location: 2F
0-1: Ball
1-1: Swinging Strike
1-2: Ball
2-2: Foul Ball, location: 2F
2-2: Ball
3-2: Base on Balls
Batting: LHB Ángelo Lara 0-0: Called Strike
0-1: Fly out, F7 (Flyball, 78M)
Runner from 3rd tags up, SCORES, throw made
Batting: RHB Carlos Miranda 0-0: Foul Ball, location: 2F
0-1: Foul Ball, location: 2F
0-2: Ball
1-2: Ball
2-2: Foul Ball, location: 2F
2-2: Ball
3-2: Strikes out swinging
Batting: RHB Luis López 0-0: Ball
Wild Pitch!
Miguel Toro to third
Jacob Wilcox to second
1-0: Called Strike
1-1: Ball
2-1: Ground out 6-3 (Groundball, 6)
Bottom of the 8th over - 1 run(s), 1 hit(s), 0 error(s), 2 left on base; Manhatten 12 - Wisconsin Rapids 6
TOP OF THE 9TH
Manhatten Meatheads batting - Pitching for Wisconsin Rapids Rangers : RHP Eugene Morgan
Batting: RHB Adrián López 0-0: Ball
1-0: Fly out, F9 (Flyball, 9LM)
Batting: RHB Denver Baker 0-0: Ball
1-0: Called Strike
1-1: Foul Ball, location: 2F
1-2: Strikes out swinging
Batting: SHB António Ramírez 0-0: Called Strike
0-1: Called Strike
0-2: Fly out, F7 (Flyball, 7LM)
Top of the 9th over - 0 run(s), 0 hit(s), 0 error(s), 0 left on base; Manhatten 12 - Wisconsin Rapids 6
BOTTOM OF THE 9TH
Wisconsin Rapids Rangers batting - Pitching for Manhatten Meatheads : RHP Jesús Medina
Now at C: León Glaviz
Batting: LHB Ronald Gordon 0-0: DOUBLE (Line Drive, 5D)
Batting: LHB Jean-Sébastien Beaudin 0-0: Ball
1-0: Called Strike
1-1: Foul Ball, location: 2F
1-2: Foul Ball, location: 2F
1-2: Foul Ball, location: 2F
1-2: Ball
2-2: Ball
3-2: Base on Balls
Batting: RHB Wilfred Martin 0-0: Ball
1-0: Called Strike
1-1: Swinging Strike
1-2: Grounds into double play, 6-4-3 (Groundball, 6)
Ronald Gordon to third
Batting: LHB Luis Rodríguez 0-0: Swinging Strike
0-1: Foul Ball, location: 2F
0-2: Foul Ball, location: 2F
0-2: Ball
1-2: Strikes out looking
Bottom of the 9th over - 0 run(s), 1 hit(s), 0 error(s), 1 left on base; Manhatten 12 - Wisconsin Rapids 6
Thursday, March 30th, 2017 - OOTP Baseball 17.12 Build 75